 Dungeon Crawl Stone Soup version 0.31-a0-220-gc2f4f3cf83 (webtiles) character file.

Game seed: 418845412682107292

77 qw the Shooter (level 4, -9/36 HPs)
             Began as a Minotaur Hexslinger on July 3, 2023.
             Killed by divine providence
             ... invoked by an orc priest
              (15 damage)
             ... on level 3 of the Dungeon.
             The game lasted 00:00:38 (1896 turns).

qw the Shooter (Minotaur Hexslinger)                Turns: 1896, Time: 00:00:38

Health: -9/36      AC:  5    Str: 11 (12) XL:     4   Next: 14%
Magic:  4/4        EV: 10    Int:  8 (10) God:
Gold:   115        SH:  0    Dex: 13 (15) Spells: 4/5 levels left

rFire   . . .        Y - +1 sling
rCold   . . .        (no shield)
rNeg    . . .        d - +0 ring mail
rPois   .            (helmet restricted)
rElec   .            (no cloak)
rCorr   .            (no gloves)
SInv    .            (no boots)
Will    .....        (no amulet)
Stlth   +            (no ring)
HPRegen 0.26/turn    (no ring)
MPRegen 0.09/turn

%: no passive effects
@: no status effects
A: horns 2, retaliatory headbutt
a: no special abilities


You were on level 3 of the Dungeon.
You visited 1 branch of the dungeon, and saw 3 of its levels.

You collected 115 gold pieces.


Innate Abilities, Weirdness & Mutations

You have a pair of horns on your head.
You reflexively headbutt those who attack you in melee.


   Skills:
 - Level 2.0 Fighting
 - Level 4.6 Ranged Weapons
 + Level 0.4 Armour
 - Level 2.1 Dodging
 - Level 1.0 Spellcasting
 - Level 2.0 Hexes


You had 4 spell levels left.
You knew the following spells:

 Your Spells              Type           Power      Damage    Failure   Level
a - Slow                  Hex            12%        N/A       38%         1

Your spell library contained the following spells:

 Spells                   Type           Power      Damage    Failure   Level
 Inner Flame              Hex/Fire       2%         N/A       88%         3
 Portal Projectile        Hex/Tloc       4%         N/A       88%         3
 Cause Fear               Hex            1%         N/A       99%         4

Inventory:

Hand Weapons
 Y - a +1 sling (weapon)
Armour
 d - a +0 ring mail (worn)
Scrolls
 a - a scroll of identify
 b - a scroll of noise {unknown}
Potions
 f - a potion of mutation {unknown}
 g - a potion of might {unknown}
 h - a potion of curing {unknown}
 j - a potion of brilliance {unknown}
 k - a potion of ambrosia {unknown}
 l - a potion of enlightenment
 m - a potion of heal wounds {unknown}

Dungeon Overview and Level Annotations

Branches:
Dungeon (3/15)

Altars:
Nemelex Xobeh

Shops:
D:3 =


Message History

Found a scale mail.
Enter note: You see here a +0 scale mail.
You see here a +0 scale mail.
A bat comes into view.
The bat hits you but does no damage.
Enter note: You shoot a sling bullet.
The sling bullet hits the bat!
You kill the bat!
An orc priest comes into view. It is wielding a +0 dagger.
The orc priest shouts!
You hear a shout!
An orc comes into view. It is wielding a +0 short sword.
Enter note: You shoot a sling bullet.
The sling bullet barely misses the orc priest.
The orc shouts!
You hear a shout!
You shoot a sling bullet.
The sling bullet hits the orc priest but does no damage.
You shoot a sling bullet.
The sling bullet hits the orc priest but does no damage.
The orc priest mumbles some strange prayers to Beogh against you.
Pain shoots through your body!
You shoot a sling bullet.
The sling bullet completely misses the orc priest.
You shoot a sling bullet.
The sling bullet barely misses the orc priest.
The orc priest invokes the aid of Beogh against you.
Pain shoots through your body! The orc hits you with a +0 short sword.
You shoot a sling bullet. The sling bullet hits the orc priest.
The orc priest is moderately wounded.
The orc priest mumbles some strange prayers to Beogh against you.
Pain shoots through your body! The orc hits you but does no damage.
The orc hits you with a +0 short sword.
The orc priest hits you with a +0 dagger.
You shoot a sling bullet.
The sling bullet barely misses the orc priest.
The orc priest calls down the wrath of Beogh upon you.
Beogh smites you!
You die...

### ##### #.).
##...##
.....#####
##.###.###
......o..## ##.##
##.#.
....##@..####.##
##..
#.....o........#
#..
####.##...####.##
##.. # ##.##
##[## ##... #.#
##.###.#.. #.#
##....### #.#
####.# # ... #.#
# ... #.# #


You could see an orc priest and an orc.

Vanquished Creatures
  3 gnolls (D:2)
  An adder (D:2)
  A ball python (D:2)
  8 bats
  4 endoplasms
  4 giant cockroaches (D:1)
  2 goblins (D:1)
  6 hobgoblins
  4 frilled lizards
  5 kobolds
  A rat (D:1)
39 creatures vanquished.

Notes
Turn   | Place    | Note
-------+----------+-------------------------------------------
     0 | D:1      | qw the Minotaur Hexslinger began the quest for the Orb.
     0 | D:1      | Reached XP level 1. HP: 16/16 MP: 1/1
     0 | D:1      | 0 ||| qw: Version: 0.3-a-40-ge99b1a8
     0 | D:1      | 0 ||| qw: Game counter: 482
     0 | D:1      | 0 ||| qw: Melee chars always use a shield: true
     0 | D:1      | 0 ||| qw: God list: Okawaru
     0 | D:1      | 0 ||| qw: Allow faded altars: false
     0 | D:1      | 0 ||| qw: Do Orc after clearing Dungeon:15 true
     0 | D:1      | 0 ||| qw: Do second Lair branch before Depths: true
     0 | D:1      | 0 ||| qw: Lair rune preference: random
     0 | D:1      | 0 ||| qw: Goals: Normal
     0 | D:1      | 0 ||| PLANNING D:1-11
   137 | D:1      | Reached skill level 3 in Ranged Weapons
   173 | D:1      | Reached XP level 2. HP: 23/23 MP: 2/2
   678 | D:1      | 678 ||| DROPPING amulet of magic regeneration.
   679 | D:1      | 679 ||| READING 2 scrolls labelled XIUXONAIFF.
   680 | D:1      | 680 ||| READING scroll labelled IGHYVUR FEDWEW.
   681 | D:1      | 681 ||| DRINKING 2 clear potions.
   682 | D:1      | 682 ||| DROPPING scroll of poison.
   683 | D:1      | 683 ||| DROPPING potion of degeneration.
   700 | D:2      | 700 ||| STAIRDANCE
   877 | D:2      | Reached XP level 3. HP: 21/29 MP: 3/3
  1048 | D:2      | Reached skill level 4 in Ranged Weapons
  1048 | D:2      | HP: 7/29 [gnoll/+0 whip (4)]
  1054 | D:2      | HP: 5/29 [gnoll/+0 spear (4)]
  1054 | D:2      | HP: 1/29 [gnoll/+0 spear (4)]
  1059 | D:2      | Reached XP level 4. HP: 3/36 MP: 4/4
  1528 | D:2      | Found a sparkling altar of Nemelex Xobeh.
  1689 | D:2      | 1689 ||| UPGRADING to +0 ring mail.
  1699 | D:2      | 1699 ||| DROPPING +0 robe.
  1700 | D:2      | 1700 ||| READING 2 scrolls labelled IMMUEMULIM.
  1701 | D:2      | 1701 ||| READING scroll labelled VOHUCZ IBEL.
  1706 | D:2      | 1706 ||| READING scroll labelled MEIQAC PITIMEO.
  1707 | D:2      | 1707 ||| DRINKING 2 bubbling emerald potions.
  1708 | D:2      | 1708 ||| DROPPING scroll of blinking.
  1833 | D:3      | Found Enyblog's Jewellery Shop.
  1842 | D:3      | 1842 ||| SHOPLISTING +4 ring of protection (432 gold, have
                  | 115).
  1842 | D:3      | 1842 ||| SHOPLISTING +4 ring of slaying (936 gold, have
                  | 115).
  1842 | D:3      | 1842 ||| SHOPLISTING +6 ring of dexterity (432 gold, have
                  | 115).
  1842 | D:3      | 1842 ||| SHOPLISTING amulet of faith (480 gold, have 115).
  1842 | D:3      | 1842 ||| SHOPLISTING ring "Worphie Tozu" {rElec rPois EV+5
                  | Int+4 Slay-2} (650 gold, have 115).
  1842 | D:3      | 1842 ||| SHOPLISTING ring of poison resistance (240 gold,
                  | have 115).
  1842 | D:3      | 1842 ||| SHOPLISTING ring of see invisible (180 gold, have
                  | 115).
  1895 | D:3      | HP: 7/36 [orc/+0 short sword (4)]
  1896 | D:3      | Killed from afar by an orc priest

Levels and vault maps discovered:
D:1:      dpeg_arrival_round_b, layout_basic, minmay_tetromino_i4
D:2:      minmay_wonky_spiral, layout_basic, basic_altar, serial_bayou_lake_a
D:3:      layout_loops_ring, serial_shops, shop

Skill      XL: |  1  2  3 |
---------------+----------+-----
Ranged Weapons | 3 4 |  4.6
Fighting       | 2 |  2.0
Armour         | |  0.4
Dodging        | |  2.1
Spellcasting   | |  1.0
Hexes          | |  2.0

Action                     |  1- 3 |  4- 6 || total
---------------------------+-------+-------++-------
   Fire: Sling             |    96 |    26 ||   122
    Use: Scroll            |     2 |     3 ||     5
         Potion            |     1 |     1 ||     2
 Armour: Robe              |    11 |     1 ||    12
         Ring mail         |       |     2 ||     2
  Dodge: Dodged            |    32 |     3 ||    35

Table legend:
 A = Non-vault XP
 B = Vault XP
 C = Vault XP percentage of total XP
 D = Non-vault monster count
 E = Vault monster count
 F = Vault count percentage of total count
                 A         B        C        D         E       F
            +---------+---------+-------+---------+---------+-------
      Total |     106 |       5 |   4.5 |      35 |       4 |  10.3
            +---------+---------+-------+---------+---------+-------
        D:1 |      36 |       2 |   5.3 |      22 |       2 |   8.3
        D:2 |      64 |       3 |   4.5 |       9 |       2 |  18.2
        D:3 |       6 |       0 |   0.0 |       4 |       0 |   0.0
            +---------+---------+-------+---------+---------+-------
